 Dungeon Crawl Stone Soup version 0.29-a0-334-gb41bcbb86e (webtiles) character file.

Game seed: 12364658804948222749

56 Dauddaud the Skirmisher (level 3, -3/31 HPs)
             Began as a Palentonga Berserker on Apr 14, 2022.
             Was a Believer of Trog.
             Slain by a gnoll
             ... wielding a +0 club
              (4 damage)
             ... on level 2 of the Dungeon.
             The game lasted 00:09:16 (1817 turns).

Dauddaud the Skirmisher (Palentonga Berserker)      Turns: 1817, Time: 00:09:17

Health: -3/31      AC:  8    Str: 22    XL:     3   Next: 69%
Magic:  3/3        EV:  6    Int:  7    God:    Trog [**....]
Gold:   165        SH:  0    Dex:  9    Spells: 2/2 levels left

rFire   . . .      SeeInvis +   c - +0 flail
rCold   . . .      Faith    .   (no shield)
rNeg    . . .      Spirit   .   h - +0 chain mail
rPois   .          Reflect  .   (no helmet)
rElec   .          Harm     .   (no cloak)
rCorr   .          Rampage  .   k - +0 pair of gloves
Will    .....                   (no barding)
Stlth   ..........              (no amulet)
HPRegen 0.10/turn               (no ring)
MPRegen 0.08/turn               (no ring)

@: silenced
A: large, rugged brown scales 3, see invisible, deformed body, roll 1, armoured
tail
a: Rolling Charge, Renounce Religion


You were on level 2 of the Dungeon.
You worshipped Trog.
Trog was pleased with you.
You visited 1 branch of the dungeon, and saw 2 of its levels.

You collected 214 gold pieces.
You spent 49 gold pieces at shops.

Inventory:

Hand Weapons
 a - a +0 hand axe
 c - a +0 flail (weapon)
 g - a +0 mace
Missiles
 f - 2 atropa-tipped darts (quivered)
Armour
 b - a +0 animal skin
 d - a +0 ring mail
 h - a +0 chain mail (worn)
 k - a +0 pair of gloves (worn)
Scrolls
 e - 2 scrolls of identify {unknown}
 j - a scroll of amnesia {unknown}
Potions
 i - a potion of cancellation
 l - a potion of might {unknown}


   Skills:
 + Level 3.4 Fighting
 + Level 3.3(3.5) Axes
 + Level 1.5(2.6) Maces & Flails
 + Level 0.1 Throwing
 + Level 2.1 Armour
 + Level 1.7 Dodging


You had 2 spell levels left.
You didn't know any spells.
Your spell library was empty.

Dungeon Overview and Level Annotations

Branches:
Dungeon (2/15)

Altars:
Ashenzari

Shops:
D:1 [

Annotations:
D:2 Natasha


Innate Abilities, Weirdness & Mutations

You are completely covered in rugged brown scales. (AC +3, +7% HP)
You have supernaturally acute eyesight. (SInv)
Armour fits poorly on your strangely shaped body.
You can roll at nearby foes to attack.
You have a long armoured tail.


Message History

The gnoll appears confused.
The gnoll seems less confused.
Throw: 3 darts (atropa)
Press: ? - help, Q - select action, (/) - cycle Shift-Dir - straight line, f - gnoll, p - gnoll
Aim: a gnoll, wielding a +0 club (58% to hit, chance to blind on hit: 100%)
You throw an atropa-tipped dart.
The atropa-tipped dart barely misses the gnoll.
Okay, then.
Roll where?
Press: ? - help, Dir - move target, f - gnoll
Aim: a gnoll, wielding a +2 whip of pain and wearing a +0 scale mail (blind)
You roll forward with a clatter of scales!
A worm comes into view.
Found a stone staircase leading up.
You barely miss the gnoll.
The gnoll is no longer blind.
The gnoll hits you with a +2 whip of pain.
You closely miss the gnoll. The gnoll hits you but does no damage.
A frilled lizard comes into view.
The gnoll hits you with a +2 whip of pain.
The gnoll completely misses you. The gnoll hits you with a +0 club.
You hit the gnoll.
Your tail-slap misses the gnoll.
The gnoll is moderately wounded.
The gnoll hits you with a +0 club!
The gnoll hits you with a +2 whip of pain.
* * * LOW HITPOINT WARNING * * *
The gnoll attacks as you move away!
The gnoll hits you with a +2 whip of pain.
* * * LOW HITPOINT WARNING * * *
The gnoll hits you with a +0 club.
* * * LOW HITPOINT WARNING * * *
It was a potion of cancellation.
You feel magically purged. The gnoll barely misses you. x2
As you read the scroll labelled AFAIGE LUOTIQU, it crumbles to dust.
A profound silence engulfs you.
It was a scroll of silence.
Natasha, Servant of Life and Death comes into view.
The gnoll hits you but does no damage.
The gnoll hits you with a +2 whip of pain.
* * * LOW HITPOINT WARNING * * *
The gnoll attacks as you move away! The gnoll hits you with a +0 club.
You die...

. .........#.#. # .
..#.......<.h ##...
............# .....
..........((# .... ....#.......#
#.. ..# #........w..#.#.# ..+
.......l....#.#.# ..#
.......gg...#.#.# ..#
....#.#@##....#.# ..# .. ..
#.#.....#.# ..####
#########.####.^#.# ......
.......(..........#
..##############.####...####..##
....................'...........
#......#########.####...####..##
.......+ ...........#....#
.......########...#.####.#


You could see a worm, Natasha, 2 gnolls and a frilled lizard.

Vanquished Creatures
  A gnoll (D:2)
  A dart slug (D:1)
  2 ball pythons
  4 bats
  3 endoplasms
  A giant cockroach (D:1)
  7 goblins
  5 hobgoblins
  2 jackals (D:1)
  6 kobolds
  7 frilled lizards
  2 rats
41 creatures vanquished.

Vanquished Creatures (others)
  4 fungi (D:1)
  4 toadstools (D:1)
8 creatures vanquished.

Grand Total: 49 creatures vanquished

Notes
Turn   | Place    | Note
-------+----------+-------------------------------------------
     0 | D:1      | Dauddaud the Palentonga Berserker began the quest for the
                  | Orb.
     0 | D:1      | Reached XP level 1. HP: 19/19 MP: 1/1
   233 | D:1      | Reached XP level 2. HP: 6/25 MP: 2/2
   233 | D:1      | Found a faded altar of an unknown god.
  1042 | D:1      | Found Duaf's Armour Shoppe.
  1049 | D:1      | Reached XP level 3. HP: 29/31 MP: 3/3
  1066 | D:1      | Bought a +0 pair of gloves for 49 gold pieces
  1407 | D:2      | Found a broken altar of Ashenzari.
  1416 | D:2      | Reached skill level 1 in Maces & Flails
  1500 | D:2      | Reached ** piety under Trog
  1816 | D:2      | Noticed Natasha
  1816 | D:2      | HP: 1/31 [gnoll/+2 whip of pain (4)]
  1817 | D:2      | Slain by a gnoll

Illustrated notes

Levels and vault maps discovered:
D:1:      elethiomel_arrival_maze, layout_basic, serial_shops,
          nicolae_shop_waterfront, hellmonk_ecumenical_altar_lost_god,
          minmay_gold_behind_fungi
D:2:      layout_basic, basic_altar, uniq_natasha

Skill      XL: |  1  2  3 |
---------------+----------+-----
Maces & Flails | 1 |  1.5
Armour         | 2 |  2.1
Fighting       | |  3.4
Axes           | |  3.3
Throwing       | |  0.1
Dodging        | |  1.7

Action                   || total
-------------------------++-------
Melee: Flail             ||   106
       Tailslap          ||    10
Throw: Dart              ||    13
Invok: Berserk           ||     1
 Abil: Rolling Charge    ||    14
  Use: Scroll            ||     1
       Potion            ||     1
 Stab: Invisible         ||     1
Armor: Ring mail         ||    36
       Animal skin       ||     3
       Chain mail        ||    32
Dodge: Dodged            ||    47

Table legend: (Time is in decaauts)
 A = Elapsed time spent in this place.
 B = Non-inter-level travel time spent in this place.
 C = Inter-level travel time spent in this place.
 D = Time resting spent in this place.
 E = Time spent auto-exploring this place.
 F = Levels seen in this place.
 G = Mean time per level.
                   A        B        C        D        E       F      G
               +--------+--------+--------+--------+--------+-----+--------+
         Total |   1855 |   1799 |     56 |    586 |    847 |   2 |  927.5 |
       Dungeon |   1855 |   1799 |     56 |    586 |    847 |   2 |  927.5 |
               +--------+--------+--------+--------+--------+-----+--------+

Top non-repeatable levels by time:
     D:1: 1432 daAuts
     D:2: 423 daAuts
